 Dungeon Crawl Stone Soup version 0.20-a0-187-ge5586d949a (webtiles) character file.

5887 patrickswayze the Slicer (level 10, -12/43 HPs)
             Began as a Deep Elf Chaos Knight on Nov 24, 2016.
             Mangled by an ice devil (15 damage)
             ... summoned by an orc high priest
             ... on level 2 of the Orcish Mines.
             The game lasted 00:25:25 (10075 turns).

patrickswayze the Slicer (Deep Elf Chaos Knight)   Turns: 10075, Time: 00:25:26

Health: -12/43     AC: 13    Str:  6 (9)  XL:     10   Next: 52%
Magic:  0/9        EV: 17    Int: 21 (23) God:    Xom [......]
Gold:   1346       SH:  0    Dex: 13 (15) Spells: 3/9 levels left

rFire  . . .     SeeInvis .     a - +2 dagger (distort) {!w}
rCold  . . .     Gourm    .     K - +1 steam dragon scales
rNeg   . . .     Faith    .     (no shield)
rPois  +         Spirit   +     D - +0 hat {Spirit}
rElec  .         Reflect  .     f - +2 cloak
rCorr  .         Harm     .     p - +0 pair of gloves
MR     +....     Rnd*Rage +     u - +0 pair of boots
Stlth  +++++.....               o - amulet of regeneration
                                m - +5 ring of intelligence
                                d - ring of stealth

@: no status effects
A: antennae 1, icy blue scales 1, berserk 2, clumsy 1, deterioration 2, frail 2,
low mp 3, poison resistance, no device heal 1
a: Renounce Religion


You were on level 2 of the Orcish Mines.
You worshipped Xom.
You were a very special plaything of Xom.
You were hungry.

You visited 2 branches of the dungeon, and saw 11 of its levels.
You visited the Abyss 1 time.

You collected 1808 gold pieces.
You spent 462 gold pieces at shops.


Innate Abilities, Weirdness & Mutations

You have a pair of small antennae on your head.
You are partially covered in icy blue scales. (AC +2)
Your system is resistant to poisons. (rPois)
[You often lose your temper in combat.]
[You are clumsy. (Dex -2)]
[Your body often deteriorates upon taking damage.]
[You are very frail. (-20% HP)]
[Your magical capacity is extremely low. (-30% MP)]
[Potions and wands are less effective at restoring your health.]


   Skills:
 - Level 2.4 Fighting
 - Level 12.4 Short Blades
 - Level 0.7 Armour
 - Level 9.1 Dodging
 - Level 8.9 Stealth
 + Level 1.1 Hexes


You had 3 spell levels left.
You knew the following spells:

 Your Spells              Type           Power        Failure   Level  Hunger
a - Confuse               Hex            #.......     34%         3    ####...
Z - Tukima's Dance        Hex            #.......     34%         3    ####...

Inventory:

Hand Weapons
 a - a +2 dagger of distortion (weapon) {!w}
Missiles
 i - 288 stones
 l - 3 throwing nets
 F - 6 steel javelins (quivered)
Armour
 f - a +2 cloak (worn)
 p - a +0 pair of gloves (worn)
 u - a +0 pair of boots (worn)
 y - a +1 robe of magic resistance
 D - a +0 hat of spirit shield (worn)
 K - +1 steam dragon scales (worn)
Jewellery
 d - a ring of stealth (left hand)
 e - an uncursed ring of magical power {unknown}
 m - a +5 ring of intelligence (right hand)
 o - an amulet of regeneration (around neck)
 x - an uncursed ring of wizardry
Wands
 B - a wand of disintegration (0/24)
 R - a wand of confusion (26/48)
Scrolls
 h - 6 scrolls of remove curse
 q - a scroll of teleportation
 C - 8 scrolls of identify
 E - a scroll of amnesia
Potions
 b - a potion of agility
 g - a potion of degeneration
 j - 2 potions of cure mutation {!q}
 n - a potion of resistance
 r - a potion of ambrosia {unknown}
 G - a potion of curing
 J - a potion of mutation {unknown}
 L - a potion of flight {unknown}
 O - a potion of lignification {unknown}
Books
 v - a book of Geomancy

   Spells                             Type                      Level
   a - Sandblast                      Earth                        1
   b - Passwall                       Transmutation/Earth          2
   c - Stone Arrow                    Conjuration/Earth            3
   d - Petrify                        Transmutation/Earth          4
   e - Lee's Rapid Deconstruction     Earth                        5
 P - a book of Maledictions

   Spells                             Type                      Level
   a - Corona                         Hexes                        1
   b - Ensorcelled Hibernation        Hexes/Ice                    2
   c - Confuse                        Hexes                        3
   d - Tukima's Dance                 Hexes                        3
   e - Dazzling Spray                 Conjuration/Hexes            3
 T - a book of Cantrips

   Spells                             Type                      Level
   a - Confusing Touch                Hexes                        1
   b - Animate Skeleton               Necromancy                   1
   c - Summon Small Mammal            Summoning                    1
   d - Apportation                    Translocation                1
Comestibles
 c - 8 bread rations
 s - 6 meat rations
 w - 3 fruits
 z - a royal jelly
 I - 7 beef jerkies


Message History

The orc warrior throws a tomahawk.
The tomahawk hits you! The ice devil hits you!
A shower of butterflies erupts from you!
The ice devil freezes you!
* * * LOW HITPOINT WARNING * * *
Your body deteriorates!
You feel dopey.
You see here a tomahawk.
Okay, then.
As you read the scroll of fear, it crumbles to dust.
You assume a fearsome visage.
The orc high priest looks frightened!
The orc high priest shouts!
The orc looks frightened!
The orc warrior looks frightened!
The orc looks frightened!
The orc priest looks frightened!
The orc priest shouts!
The ice devil is unaffected.
The orc wizard looks frightened!
The ice devil hits you.
* * * LOW HITPOINT WARNING * * *
The ice devil freezes you!
You die...
Xom bursts into laughter!

#.......o.............
#.....................
#.....................
#.........o...........
##.......o............
#.......(........#####
#.....bbo........#
#.b..............#
##..4@.b.........#
#...........$....#
#...(.bb......o..#
#...((.o.........#
#............)...#
#.......o........#
#......$........(#
#..........(o....#
#................#


You could see an orc high priest (fleeing), an ice devil, an orc warrior
(fleeing), an orc wizard (fleeing) and 3 orcs.

Vanquished Creatures
  Gastronok (D:8)
  A hippogriff (D:7)
  A raiju (D:8)
  A steam dragon (D:8)
  Edmund (D:5)
  An acid dragon (D:8)
  The ghost of anet the Magician, an amateur DEWz (D:3)
  An orc warrior (Orc:2)
  A sky beast (D:5)
  5 ogres
  2 phantoms
  A crocodile (D:7)
  A big kobold (D:8)
  2 bullfrogs
  2 gnoll sergeants
  A wyvern skeleton (D:8)
  Dowan (D:4)
  A scorpion (D:6)
  3 howler monkeys (D:8)
  2 crimson imps
  3 bullfrog zombies
  2 jellies
  12 orc priests
  A hound (D:6)
  Crazy Yiuf (D:2)
  Jessica (D:3)
  A centaur skeleton (D:8)
  An iguana (D:7)
  Ijyb (D:3)
  6 worker ants
  4 orc wizards
  Terence (D:3)
  A hound zombie (D:8)
  18 gnolls
  A howler monkey skeleton (D:8)
  8 adders
  2 shadow imps (D:6)
  2 oozes
  An adder skeleton (D:7)
  2 dart slugs
  7 leopard geckos
  21 orcs
  2 ball pythons
  5 bats
  3 giant cockroaches
  18 goblins
  9 hobgoblins
  A jackal (D:8)
  6 quokkas
  7 frilled lizards
  13 kobolds
  8 rats
199 creatures vanquished.

Vanquished Creatures (others)
  A warg (D:9)
  2 orc warriors (Orc:1)
  A necrophage (D:7)
  A phantom (D:6)
  An ogre (Orc:2)
  A centaur (D:7)
  A bullfrog (D:6)
  A scorpion (D:7)
  A howler monkey (D:8)
  A quasit (Abyss:2)
  An orc wizard (D:7)
  3 gnolls
  A worm (D:2)
  2 leopard geckos (D:4)
  6 orcs
  A hobgoblin (D:3)
  A jackal (D:8)
  A quokka (D:8)
  A goblin (D:2)
  A kobold (D:3)
29 creatures vanquished.

Grand Total: 228 creatures vanquished

Notes
Turn   | Place    | Note
-------+----------+-------------------------------------------
     0 | D:1      | patrickswayze the Deep Elf Chaos Knight began the quest for the Orb.
     0 | D:1      | Reached XP level 1. HP: 13/13 MP: 3/3
     9 | D:1      | Reached skill level 1 in Stealth
    17 | D:1      | XOM: harmless Ice miscast
   300 | D:1      | XOM: harmless Pois miscast
   446 | D:1      | Reached XP level 2. HP: 18/18 MP: 4/4
   855 | D:1      | Reached skill level 3 in Stealth
  1217 | D:1      | Reached XP level 3. HP: 18/22 MP: 5/5
  1583 | D:2      | XOM: god gift: runed hand axe {god gift}
  1630 | D:2      | XOM: stat loss: -1 Int (15/16)
  1728 | D:2      | Found a sacrificial altar of Ru.
  1857 | D:2      | Reached XP level 4. HP: 24/27 MP: 6/6
  1879 | D:2      | XOM: god gift: 910 gold pieces
  2071 | D:2      | Found a runed door.
  2218 | D:2      | XOM: cloud trail
  2444 | D:2      | Noticed Crazy Yiuf
  2448 | D:2      | Killed Crazy Yiuf
  2506 | D:3      | Noticed Ijyb
  2508 | D:3      | Killed Ijyb
  2508 | D:3      | Reached skill level 6 in Stealth
  2508 | D:3      | Reached XP level 5. HP: 31/31 MP: 7/7
  2519 | D:3      | Noticed anet's ghost (amateur DEWz)
  2524 | D:3      | XOM: cast spell 'Summon Ice Beast'
  2536 | D:3      | Noticed Terence
  2543 | D:3      | XOM: cleaving
  2682 | D:3      | XOM: 1-stop teleportation journey
  2743 | D:3      | Killed Terence
  2794 | D:3      | XOM: harmless Conj miscast
  2924 | D:3      | Noticed Jessica
  2937 | D:3      | Killed Jessica
  3033 | D:3      | Killed anet's ghost
  3033 | D:3      | Reached XP level 6. HP: 35/36 MP: 8/8
  3296 | D:4      | Noticed Duvessa
  3298 | D:4      | Noticed Dowan
  3674 | D:4      | Noticed patrickswayze's ghost (amateur DECK)
  4063 | D:4      | XOM: divination: detect creatures
  4066 | D:4      | XOM: enchant monster (bad)
  4069 | D:4      | XOM: fog
  4082 | D:4      | Killed Dowan
  4082 | D:4      | Reached skill level 4 in Short Blades
  4082 | D:4      | Reached XP level 7. HP: 25/40 MP: 9/9
  4222 | D:4      | Banished Duvessa
  4276 | D:4      | Reached skill level 5 in Short Blades
  4364 | D:5      | Entered Level 5 of the Dungeon
  4621 | D:5      | Found Fatzauk's General Store.
  4622 | D:5      | Noticed Edmund
  4635 | D:5      | Killed Edmund
  4635 | D:5      | Reached skill level 6 in Short Blades
  4643 | D:5      | Bought a scroll of teleportation for 42 gold pieces
  4643 | D:5      | Bought an uncursed ring of wizardry for 420 gold pieces
  4728 | D:5      | XOM: enchant monster (good)
  4729 | D:5      | XOM: confusion (+ monsters)
  5162 | D:5      | Reached XP level 8. HP: 30/45 MP: 10/10
  5170 | D:5      | Reached skill level 7 in Short Blades
  5225 | D:6      | XOM: scenery: create altars
  5228 | D:6      | XOM: enchant monster (good)
  5232 | D:7      | XOM: noise
  5232 | D:7      | Found Ozecir's Elemental Accessories.
  5269 | D:7      | Noticed a hippogriff
  5387 | D:8      | XOM: blink monster(s)
  5474 | D:8      | XOM: enchant monster (bad)
  5545 | D:8      | Found a white marble altar of Elyvilon.
  5550 | D:8      | Noticed Gastronok
  5557 | D:8      | XOM: enchant monster (bad)
  5641 | D:8      | Noticed a raiju
  5641 | D:8      | a black bear changed into a raiju
  5641 | D:8      | XOM: polymorph black bear -> raiju
  5647 | D:8      | Killed a raiju
  5647 | D:8      | Reached skill level 8 in Short Blades
  5679 | D:8      | XOM: polymorph orc warrior -> worker ant
  5767 | D:8      | Reached skill level 9 in Short Blades
  5769 | D:8      | XOM: polymorph centaur -> howler monkey
  5865 | D:8      | Noticed Psyche
  5884 | D:8      | Noticed Psyche
  5884 | D:8      | Psyche changed into Psyche the acid dragon
  5884 | D:8      | XOM: polymorph Psyche -> Psyche the acid dragon
  5891 | D:8      | HP: 5/45 [gnoll sergeant/trident (14)]
  5891 | D:8      | HP: 2/45 [bullfrog (3)]
  5925 | D:8      | XOM: harmless Chrm miscast
  5931 | D:8      | XOM: harmless Fire miscast
  6119 | D:8      | XOM: enchant monster (good)
  6122 | D:8      | Killed Gastronok
  6122 | D:8      | Reached skill level 12 in Short Blades
  6122 | D:8      | Reached XP level 9. HP: 39/49 MP: 11/11
  6225 | D:8      | XOM: chaos cloud
  6232 | D:8      | Killed Psyche the acid dragon
  6254 | D:8      | XOM: give mutation
  6254 | D:8      | Gained mutation: You are partially covered in icy blue scales. (AC +2) [Xom's grace]
  6275 | D:8      | Reached skill level 3 in Dodging
  6493 | D:7      | XOM: swap monsters
  6511 | D:7      | Found a staircase to the Ecumenical Temple.
  6517 | D:7      | XOM: mild Divn miscast
  6624 | D:7      | XOM: severe Tloc miscast
  6624 | D:7      | Cast into level 2 of the Abyss (the severe capriciousness of Xom)
  6624 | Abyss:2  | Found a corrupted altar of Lugonu.
  6690 | Abyss:2  | Noticed a starcursed mass
  6701 | Abyss:2  | XOM: destruction
  6714 | Abyss:2  | Noticed an ancient zyme
  6799 | Abyss:2  | Noticed a worldbinder
  6802 | Abyss:2  | Noticed a large abomination
  6809 | Abyss:2  | XOM: summons 2 hostile shadow creatures
  6810 | Abyss:2  | Noticed an ancient zyme
  6810 | Abyss:2  | Noticed a thrashing horror
  6840 | Abyss:2  | Noticed a thrashing horror
  6850 | Abyss:2  | Noticed a thrashing horror
  6850 | Abyss:2  | Noticed a thrashing horror
  6851 | Abyss:2  | Noticed a starcursed mass
  6857 | Abyss:2  | Noticed an eidolon
  6862 | Abyss:2  | XOM: potion effect (invisibility)
  6863 | Abyss:2  | Noticed a wretched star
  6882 | Abyss:2  | Noticed a sixfirhy
  6882 | Abyss:2  | XOM: potion effect (magic)
  6915 | Abyss:2  | Noticed a daeva
  6915 | Abyss:2  | XOM: potion effect (heal wounds)
  6926 | Abyss:2  | Noticed a tentacled starspawn
  6942 | Abyss:2  | Noticed a wretched star
  6943 | Abyss:2  | XOM: mild Air miscast
  6947 | Abyss:2  | Noticed a kobold demonologist
  6960 | Abyss:2  | XOM: noise
  6961 | Abyss:2  | Noticed a wretched star
  6962 | Abyss:2  | Noticed a wretched star
  7036 | Abyss:2  | Noticed an Executioner
  7060 | D:7      | Escaped the Abyss
  7069 | D:7      | XOM: confuse monster(s)
  7070 | D:7      | Reached XP level 10. HP: 25/43 MP: 4/9
  7125 | D:7      | XOM: harmless Hex miscast
  7127 | D:7      | XOM: give mutations
  7127 | D:7      | Gained mutation: Your system is resistant to poisons. (rPois) [Xom's grace]
  7127 | D:7      | Gained mutation: You have a pair of small antennae on your head. [Xom's grace]
  7183 | D:7      | XOM: scenery: create altars
  7264 | D:7      | Found a burning altar of Makhleb.
  7283 | D:7      | XOM: fog
  7580 | D:7      | XOM: mild Ice miscast
  7624 | D:7      | Reached skill level 6 in Dodging
  7640 | D:7      | Learned a level 3 spell: Confuse
  7644 | D:7      | Learned a level 3 spell: Tukima's Dance
  7717 | D:7      | Found Hovvusch's General Store.
  7778 | D:7      | Found Juug's Food Shop.
  8109 | D:6      | XOM: mild Conj miscast
  8305 | D:6      | Found an iron altar of Okawaru.
  8439 | D:6      | XOM: scenery: create altars
  8442 | D:6      | XOM: blink monster(s)
  8524 | D:6      | XOM: enchant monster (bad)
  8548 | D:6      | XOM: mild Hex miscast
  8664 | D:6      | Found a blossoming altar of Fedhas.
  8664 | D:6      | Found a deep blue altar of Sif Muna.
  9284 | D:9      | Noticed an ice statue
  9324 | D:9      | Found a staircase to the Orcish Mines.
  9333 | D:9      | XOM: mild Pois miscast
  9353 | Orc:1    | Entered Level 1 of the Orcish Mines
  9393 | Orc:1    | XOM: harmless Divn miscast
  9401 | Orc:1    | XOM: fake destruction
  9485 | Orc:2    | Entered Level 2 of the Orcish Mines
  9833 | Orc:2    | Reached skill level 9 in Dodging
  9888 | Orc:2    | Found a staircase to the Elven Halls.
  9891 | Orc:2    | XOM: 2-stop teleportation journey
  9914 | Orc:2    | Noticed an orc sorcerer
  9914 | Orc:2    | XOM: severe Pois miscast
  9955 | Orc:2    | XOM: stat loss: -1 Dex (13/15)
  9973 | Orc:1    | Reached skill level 1 in Hexes
 10000 | Orc:1    | XOM: silly message
 10062 | Orc:2    | Noticed an orc high priest
 10074 | Orc:2    | Noticed an orc high priest
 10074 | Orc:2    | XOM: butterfly on damage
 10074 | Orc:2    | HP: 4/43 [ice devil[an orc high priest] (12)]
 10075 | Orc:2    | Mangled by an ice devil

Vault maps used:
D:1:      evilmike_arrival_rings
D:2:      cheibrodos_greedy_goblins, hangedman_ru_absence,
          uniq_crazy_yiuf_cottage
D:3:      uniq_iyjb, uniq_terence, uniq_jessica
D:4:      uniq_duvessa
D:5:      first_bread, serial_shops, nicolae_shop_statue_plus, uniq_edmund
D:6:      amethyst_overflow_temple_binary, kennysheep_okawaru_gauntlet
D:7:      lemuel_round_altar, serial_shops, shop, nicolae_shop_window_shopping,
          nicolae_elemental_shop
D:8:      grunt_ogre_cave, elyvilon_altar_4, uniq_gastronok, uniq_psyche
D:9:      cheibrodos_frozen_isle, grunt_lair_entry_orc_guard_hut,
          minmay_orc_entry_guard_dogs, minmay_librarian
Orc:1:    nicolae_orc_sculptors_studio
Orc:2:    st_orc_congregation

Action                   |  1- 3 |  4- 6 |  7- 9 | 10-12 || total
-------------------------+-------+-------+-------+-------++-------
Melee: Short sword       |   131 |    22 |       |       ||   153
       Dagger            |       |   108 |   308 |   233 ||   649
Throw: Stone             |       |     1 |       |       ||     1
       Javelin           |       |       |       |     4 ||     4
Evoke: Wand              |       |       |     3 |       ||     3
  Use: Scroll            |     4 |     2 |     7 |     8 ||    21
       Potion            |       |       |     9 |       ||     9
 Stab: Sleeping          |    10 |    10 |    12 |     2 ||    34
       Distracted        |       |     1 |     3 |       ||     4
       Paralysed         |       |       |     2 |       ||     2
       Confused          |       |       |     1 |       ||     1
  Eat: Chunk             |     3 |     7 |     9 |     8 ||    27
       Pizza             |       |       |       |     1 ||     1
Armor: Leather armour    |    26 |    19 |       |       ||    45
       Robe              |       |     3 |    32 |       ||    35
       Steam dragon scal |       |       |    46 |    41 ||    87
Dodge: Dodged            |    56 |    47 |   184 |   122 ||   409
